 Dungeon Crawl Stone Soup version 0.23-a0-356-g1757c6e (webtiles) character file.

11 Cryolive the Digger (level 2, -1/15 HPs)
             Began as a Gargoyle Earth Elementalist on Oct 21, 2018.
             Slain by a worm (5 damage)
             ... on level 2 of the Dungeon.
             The game lasted 00:03:36 (563 turns).

Cryolive the Digger (Gargoyle Earth Elementalist)    Turns: 563, Time: 00:03:36

Health: -1/15      AC:  5    Str: 11    XL:     2   Next: 29%
Magic:  5/5        EV: 12    Int: 15    God:
Gold:   129        SH:  0    Dex: 10    Spells: 4/5 levels left

rFire    . . .     SeeInvis .   g - +0 whip
rCold    . . .     Gourm    .   (no shield)
rNeg     + . .     Faith    .   o - +0 robe {MR+}
rPois    ∞         Spirit   .   (no helmet)
rElec    +         Reflect  .   (no cloak)
rCorr    .         Harm     .   (no gloves)
MR       +....                  j - +0 pair of boots
Stlth    ++........             (no amulet)
HPRegen  0.05/turn              (no ring)
MPRegen  0.09/turn              (no ring)

@: no status effects
A: negative energy resistance 1, electricity resistance, unbreathing,
petrification resistance, rot immunity, AC +2
a: no special abilities


You were on level 2 of the Dungeon.
You were not hungry.

You visited 1 branch of the dungeon, and saw 2 of its levels.

You collected 129 gold pieces.

Inventory:

Hand Weapons
 g - a +0 whip (weapon)
Missiles
 b - 74 stones (quivered)
Armour
 c - a +0 robe
 j - a +0 pair of boots (worn)
 o - a +0 robe of magic resistance (worn)
Scrolls
 e - a scroll of amnesia {unknown}
 h - a scroll of noise {unknown}
 l - a scroll of random uselessness {unknown}
 m - a scroll of enchant armour {unknown}
Potions
 a - 2 potions of flight
 f - 2 potions of curing {unknown}
 k - a potion of haste {unknown}
 n - a potion of degeneration {unknown}
Comestibles
 d - 5 rations


   Skills:
 - Level 1.5 Dodging
 - Level 2.1 Stealth
 + Level 2.4 Spellcasting
   Level 0.7 Transmutations
 + Level 4.1 Earth Magic


You had 4 spell levels left.
You knew the following spells:

 Your Spells              Type           Power        Failure   Level  Hunger
a - Sandblast             Erth           ##....       4%          1    #......

Your spell library contained the following spells:

 Spells                   Type           Power        Failure   Level  Hunger
 Passwall                 Tmut/Erth      #.......     12%         2    ###....
 Stone Arrow              Conj/Erth      #.....       28%         3    ###....
 Petrify                  Tmut/Erth      #.......     61%         4    #####..
 Lee's Rapid Deconstruct  Erth           ##........   73%         5    ######.


Dungeon Overview and Level Annotations

Branches:
Dungeon (2/15)

Altars:


Innate Abilities, Weirdness & Mutations

You are resistant to torment.
Your stone body is resilient. (AC +2)
You are immune to poison.
You resist negative energy. (rN+)
You are resistant to electric shocks. (rElec)
You can survive without breathing.
You are immune to petrification.
You are immune to rotting.


Message History

Tha bat hits ye but does nay damage.
Tha bat closely misses ye.
Tha bat hits ye but does nay damage.
Ye hit tha bat.
Ye kill tha bat!
Ye hit tha worm but do nay damage.
Tha worm closely misses ye.
Ye hit tha worm.
Tha worm be lightly wounded.
Ye hit tha worm.
Tha worm be heavily wounded.
Tha worm bites ye.
* * * LOW HITPOINT WARNIN'
* * * Ye completely miss tha worm.
Tha worm be heavily wounded.
Tha worm misses ye.
Ye hit tha worm.
Tha worm be severely wounded.
Ye hit tha worm.
Tha worm be almost dead.
Tha worm bites ye.
Ye die...

........% .....###.l ......#
........# ......#####.
.....#..# ..<..........
......## )........##..
........ ......####..#
##...## ......###..###
#..#..#.<.
.............######.........
................@w..#.......
#.............#######..≈≈...
..#................# .≈..≈..
.............####### ≈≈..≈..
.............# ≈..≈..≈
.............# ...≈.⌠≈
....########## ..≈..≈⌠ ....#
....#


You could see a worm.

Vanquished Creatures
  A giant cockroach (D:1)
  2 goblins
  2 hobgoblins (D:1)
  A kobold (D:2)
  3 bats
  2 rats
11 creatures vanquished.

Notes
Turn   | Place    | Note
-------+----------+-------------------------------------------
     0 | D:1      | Cryolive the Gargoyle Earth Elementalist began the quest
                  | for the Orb.
     0 | D:1      | Reached XP level 1. HP: 10/10 MP: 3/3
   343 | D:1      | Reached skill level 4 in Earth Magic
   343 | D:1      | Reached XP level 2. HP: 9/15 MP: 5/5
   563 | D:2      | Slain by a worm

Vault maps used:
D:1:      dpeg_arrival_tiny_b, hangedman_decor_clover_reticule, grunt_decor_cap,
          dk_noncrumbling_4
D:2:      cheibrodos_helix_gallery,
          nicolae_gozag_cash_rules_everything_around_me,
          chequers_ecumenical_altar_simple_redux

Skill      XL: |  1 |
---------------+----+-----
Earth Magic    | 4 |  4.1
Dodging        | |  1.5
Stealth        | |  2.1
Spellcasting   | |  2.4
Transmutations | |  0.7

Action                   || total
-------------------------++-------
Melee: Club              ||    24
       Unarmed           ||    10
       Whip              ||    14
 Cast: Sandblast         ||     3
  Use: Scroll            ||     2
Armor: Robe              ||    20
Dodge: Dodged            ||    22

Table legend:
 A = Non-vault XP
 B = Vault XP
 C = Vault XP percentage of total XP
 D = Non-vault monster count
 E = Vault monster count
 F = Vault count percentage of total count
                 A         B        C        D         E       F
            +---------+---------+-------+---------+---------+-------
      Total |      17 |       0 |   0.0 |      11 |       0 |   0.0
            +---------+---------+-------+---------+---------+-------
        D:1 |      11 |       0 |   0.0 |       7 |       0 |   0.0
        D:2 |       6 |       0 |   0.0 |       4 |       0 |   0.0
            +---------+---------+-------+---------+---------+-------
